 Dungeon Crawl Stone Soup version 0.30-a0-760-g5a9884bb7c (webtiles) character file.

Game seed: 8621291405916253276

136 mopl the Vexing (level 4, 0/24 HPs)
             Began as a Deep Elf Enchanter on Feb 10, 2023.
             Killed from afar by an orc wizard (9 damage)
             ... with a puff of flame
             ... on level 1 of the Dungeon.
             The game lasted 00:04:10 (2089 turns).

mopl the Vexing (Deep Elf Enchanter)                Turns: 2089, Time: 00:04:11

Health: 0/24       AC:  4    Str:  5    XL:     4   Next: 98%
Magic:  10/12      EV: 12    Int: 22    God:
Gold:   163        SH:  0    Dex: 15    Spells: 0/11 levels left

rFire   . . .      SeeInvis .    a - +1 dagger
rCold   . . .      Faith    .    (no shield)
rNeg    . . .      Spirit   .    b - +0 robe
rPois   .          Reflect  .    (no helmet)
rElec   .          Harm     .    (no cloak)
rCorr   .          Rampage  .    r - +1 pair of gloves
Will    .....                    (no boots)
Stlth   +++                      (no amulet)
HPRegen 0.24/turn                (no ring)
MPRegen 0.13/turn                (no ring)

@: no status effects
A: no striking features
a: no special abilities


You were on level 1 of the Dungeon.
You visited 1 branch of the dungeon, and saw 3 of its levels.

You collected 163 gold pieces.

Inventory:

Hand Weapons
 a - a +1 dagger (weapon)
Missiles
 m - 9 boomerangs
 t - 4 curare-tipped darts
Armour
 b - a +0 robe (worn)
 r - a +1 pair of gloves (worn)
Scrolls
 d - a scroll of silence {unknown}
 f - a scroll of fog {unknown}
 g - 5 scrolls of identify {unknown}
 k - 2 scrolls of vulnerability {unknown}
 o - a scroll of fear {unknown}
 q - 2 scrolls of teleportation {unknown}
 s - a scroll of blinking {unknown}
Potions
 c - 2 potions of invisibility
 e - a potion of flight {unknown}
 h - 2 potions of resistance {unknown}
 i - 3 potions of lignification {unknown}
 j - 2 potions of haste {unknown}
 l - 2 potions of brilliance {unknown}
 n - a potion of heal wounds {unknown}
 p - a potion of might {unknown}


   Skills:
 + Level 2.4 Short Blades
 - Level 2.4 Dodging
 + Level 4.8 Stealth
 + Level 4.3 Spellcasting
 + Level 5.1 Hexes


You couldn't memorise any spells.
You knew the following spells:

 Your Spells              Type           Power      Damage    Failure   Level
b - Ensorcelled Hibernat  Hex/Ice        32%        N/A       6%          2
c - Confusing Touch       Hex            27%        N/A       4%          3
d - Tukima's Dance        Hex            27%        N/A       4%          3
f - Dazzling Flash        Conj/Hex       32%        N/A       12%         3

Your spell library contained the following spells:

 Spells                   Type           Power      Damage    Failure   Level
 Sublimation of Blood     Necr           4%         N/A       17%         2
 Yara's Violent Unravell  Hex/Tmut       8%         3d5       71%         5
 Passage of Golubria      Tloc           4%         N/A       73%         4
 Petrify                  Tmut/Erth      4%         N/A       73%         4
 Irradiate                Conj/Tmut      2%         3d12      97%         5
 Conjure Ball Lightning   Conj/Air       2%         3x3d6     100%        6
 Discord                  Hex            13%        N/A       100%        8
 Disjunction              Tloc           2%         N/A       100%        8


Dungeon Overview and Level Annotations

Branches:
Dungeon (3/15)

Altars:


Message History

There is a stone staircase leading down here.
You climb downwards.
There is a stone staircase leading up here.
You open the door.
An orc, an orc wizard and an orc priest come into view.
The orc wizard shouts!
The orc priest shouts!
A quokka comes into view.
The orc shouts!
There is a stone staircase leading up here.
The orc priest looks encouraged for a moment.
The orc priest invokes the aid of Beogh against you.
Beogh smites you!
Ouch! That really hurt!
The orc wizard gestures wildly while chanting.
The orc wizard flickers and vanishes!
Deactivating autopickup; reactivate with Ctrl-A.
You climb upwards.
Reactivating autopickup.
There is a stone staircase leading down here.
You start resting.
Something hits you but does no damage.
Deactivating autopickup; reactivate with Ctrl-A.
Something hits you but does no damage. Something barely misses you.
There is a stone staircase leading up here.
Something hits you.
You climb upwards.
Reactivating autopickup.
There is a stone staircase leading down here.
You start resting.
Something hits you.
Deactivating autopickup; reactivate with Ctrl-A.
Casting: Tukima's Dance (quite dangerous; 4% risk of failure)
Confirm with . or Enter, or press ? or * to list all spells.
Aiming: Ensorcelled Hibernation (safe; 6% risk of failure)
Press: ? - help, Shift-Dir - straight line Nothing appears to happen.
Something hits you.
You miss something.
You hear some strange, mumbled words.
A puff of flame appears from out of thin air!
The puff of flame hits you!
You die...

#...# #......#### ##...#
#####.......##.
###....###...##...##....
####...............########
##....####......#######...##
##..#### #......# ##.......
#..## ######## #........
#.## ######### #........
#..# #.@{....# #........
##.## ###..####.# ##.......
#..#####....# #.# ###...##
##.#.....##.# #.## #+####
#...######.# #..# ##.###.
##### #.#####.####...#..
#..........#...'..
#######..#.#...#..
##.#.#..###.


There were no monsters in sight!

Vanquished Creatures
  2 gnolls
  4 adders (D:2)
  A dart slug (D:2)
  4 orcs (D:2)
  5 ball pythons
  6 bats
  7 endoplasms
  2 giant cockroaches (D:2)
  5 goblins
  5 hobgoblins
  3 jackals (D:1)
  2 quokkas
  4 frilled lizards
  4 kobolds
  8 rats
62 creatures vanquished.

Vanquished Creatures (collateral kills)
  A gnoll (D:2)
1 creature vanquished.

Vanquished Creatures (others)
  A dancing weapon (D:2)
1 creature vanquished.

Grand Total: 64 creatures vanquished

Notes
Turn   | Place    | Note
-------+----------+-------------------------------------------
     0 | D:1      | mopl the Deep Elf Enchanter began the quest for the Orb.
     0 | D:1      | Reached XP level 1. HP: 10/10 MP: 6/6
   251 | D:1      | Reached XP level 2. HP: 15/15 MP: 8/8
   261 | D:1      | Learned a level 2 spell: Ensorcelled Hibernation
   340 | D:1      | Reached skill level 4 in Stealth
   715 | D:2      | Reached XP level 3. HP: 19/19 MP: 10/10
   719 | D:2      | Learned a level 3 spell: Confusing Touch
   723 | D:2      | Learned a level 3 spell: Tukima's Dance
   814 | D:2      | Identified the +10 hand axe "Onkockor" {heavy, +Blink rElec
                  | Str-2 Dex+3}
   857 | D:2      | Reached skill level 2 in Short Blades
   959 | D:2      | Reached XP level 4. HP: 24/24 MP: 11/11
  1321 | D:2      | Found a faded altar of an unknown god.
  1420 | D:2      | Reached skill level 4 in Spellcasting
  1540 | D:2      | Reached skill level 5 in Hexes
  1915 | D:2      | Learned a level 3 spell: Dazzling Flash
  2089 | D:1      | Killed from afar by an orc wizard

Illustrated notes

Levels and vault maps discovered:
D:1:      dpeg_arrival_three_smaller_balls, layout_basic
D:2:      minmay_razor_zed, layout_basic,
          hellmonk_ecumenical_altar_slurped_away, chequers_avenue
D:3:      layout_basic, grunt_ministairs_6

Skill      XL: |  1  2  3  4 |
---------------+-------------+-----
Stealth        | 4 |  4.8
Short Blades   | 2 |  2.4
Spellcasting   | 4 |  4.3
Hexes          | 5 |  5.1
Dodging        | |  2.4

Action                     |  1- 3 |  4- 6 || total
---------------------------+-------+-------++-------
  Melee: Dagger            |   117 |    57 ||   174
   Cast: Ensorcelled Hiber |    17 |     9 ||    26
         Tukima's Dance    |       |     5 ||     5
   Stab: Sleeping          |    20 |    12 ||    32
 Armour: Robe              |    13 |    16 ||    29
  Dodge: Dodged            |    60 |    36 ||    96

Table legend: (Time is in decaauts)
 A = Elapsed time spent in this place.
 B = Non-inter-level travel time spent in this place.
 C = Inter-level travel time spent in this place.
 D = Time resting spent in this place.
 E = Time spent auto-exploring this place.
 F = Levels seen in this place.
 G = Mean time per level.
                   A        B        C        D        E       F      G
               +--------+--------+--------+--------+--------+-----+--------+
         Total |   2074 |   1894 |    180 |    168 |   1162 |   3 |  691.3 |
       Dungeon |   2074 |   1894 |    180 |    168 |   1162 |   3 |  691.3 |
               +--------+--------+--------+--------+--------+-----+--------+

Top non-repeatable levels by time:
     D:2: 1244 daAuts
     D:1: 803 daAuts
     D:3: 26 daAuts
